 Dungeon Crawl Stone Soup version 0.29.1-13-g9f3cf754e1 (webtiles) character file.

Game seed: 8475620911299392593

11 croobank the Sneak (level 2, 0/31 HPs)
             Began as an Octopode Delver on Feb 7, 2023.
             Slain by a scorpion (5 damage)
             ... on level 4 of the Dungeon.
             The game lasted 00:02:04 (267 turns).

croobank the Sneak (Octopode Delver)                 Turns: 267, Time: 00:02:05

Health: 0/31       AC: 21    Str: 11    XL:     2   Next: 25%
Magic:  2/2        EV:  2    Int: 12    God:
Gold:   0          SH:  0    Dex: 13    Spells: 1/1 levels left

rFire   . . .      SeeInvis .   a - +0 hand axe
rCold   . . .      Faith    .   (no shield)
rNeg    . . .      Spirit   .   (helmet currently unavailable)
rPois   +          Reflect  .   (no amulet)
rElec   .          Harm     .   (no ring)
rCorr   .          Rampage  .   (no ring)
Will    .....      NoTele   +   (no ring)
Stlth   +++.......              (no ring)
HPRegen 0.10/turn               (no ring)
MPRegen 0.08/turn               (no ring)
                                (no ring)
                                (no ring)

@: tree-form, hasted, very quick
A: stationary, stasis, torment immunity, boosted hp, almost no armour,
(amphibious), 8 rings, (camouflage 1), (gelatinous body 1), (nimble swimmer 1),
(tentacles)
a: no special abilities


You were on level 4 of the Dungeon.
You were a tree.
You visited 1 branch of the dungeon, and saw 4 of its levels.

Inventory:

Hand Weapons
 a - a +0 hand axe (weapon)
 c - a +0 long sword
Wands
 f - a wand of digging (2)
Scrolls
 b - a scroll of fog
 g - a scroll of teleportation {unknown}
 i - a scroll of summoning {unknown}


   Skills:
 + Level 3.1 Fighting
 + Level 2.2 Axes
 + Level 2.2 Dodging
 + Level 6.7 Stealth


You had one spell level left.
You didn't know any spells.
Your spell library was empty.

Dungeon Overview and Level Annotations

Branches:
Dungeon (7/15)
 Temple: D:4-7

Altars:

Annotations:
D:7 Menkaure


Innate Abilities, Weirdness & Mutations

You are a tree.
Your roots penetrate the ground, keeping you stationary.
You cannot be teleported.
You are immune to unholy pain and torment.
Your maximum health is greatly increased.
You cannot wear most types of armour.
((You are amphibious.))
You can wear up to eight rings at the same time.
((Your skin changes colour to match your surroundings (Stealth+).))
((Your rubbery body absorbs attacks. (AC +1, EV +1)))
((You are camouflaged when in or above water. (Stealth+)))
((You have tentacles for arms and can constrict up to eight enemies at once.))


Message History

You start resting.
You are no longer corroded.
You start resting.
You hear a distant slurping noise.
A jelly is nearby!
You close the door.
You start resting.
You hear a slurping noise.
The jelly eats the door!
You strike the helpless jelly from behind!
You hit the jelly.
Your tentacles burn!
The jelly is lightly wounded.
The jelly closely misses you.
You hit the jelly. The acid corrodes you!
Your tentacles burn!
* * * LOW HITPOINT WARNING * * *
The jelly is lightly wounded.
The jelly closely misses you.
You feel yourself speed up. The jelly barely misses you.
You see here a ball python corpse.
You open the door.
There is an open door here.
You open the door.
There is an open door here.
Found a scale mail.
You open the door.
A hound comes into view.
There is an open door here.
You open the door.
The hound barks!
Found 7 stones.
You are no longer corroded.
There is an open door here.
You close the door.
A scorpion comes into view.
You hear a distant slurping noise.
You see here 7 stones.
Okay, then.
It was a potion of lignification.
You turn into a tree.
Your roots penetrate the ground.
The scorpion stings you.
You die...

............
............
............♣
#............♣
#............♣#
.............♣♣♣.
#.......s......♣
#.......♣...♣
#####.......#..♣#
+...+.....(.#..♣
#####...#####.####.♣
+.#..J....#.+.# ..
#.#'#...#'#h### ...
....#[..#.....# ...
....##+##.....+ ...#
....# #.....#


You could see a scorpion.

Vanquished Creatures
  An adder (D:5)
  A ball python (D:4)
2 creatures vanquished.

Notes
Turn   | Place    | Note
-------+----------+-------------------------------------------
     0 | D:5      | croobank the Octopode Delver began the quest for the Orb.
     0 | D:5      | Reached XP level 1. HP: 16/16 MP: 1/1
    16 | D:7      | Noticed Menkaure
    16 | D:7      | Noticed an orc warrior
    33 | D:5      | Noticed an orc wizard
    34 | D:5      | Noticed an ice beast
    47 | D:5      | Noticed a scorpion
    66 | D:5      | Reached XP level 2. HP: 21/21 MP: 2/2
   262 | D:4      | Noticed a scorpion
   267 | D:4      | Slain by a scorpion

Illustrated notes

Levels and vault maps discovered:
D:4:      nicolae_cairo_tiling_large, layout_basic,
          grunt_temple_overflow_bloody_war, minmay_stone_trees_medium
D:5:      layout_rooms, chequers_serial_rivers_marsh
D:6:      layout_basic, temple_hall
D:7:      layout_gridville, uniq_menkaure, uniq_pikel

Action                   || total
-------------------------++-------
Melee: Hand axe          ||     5
       Constrict         ||     2
       Tentacles         ||     2
Evoke: Wand              ||     1
  Use: Scroll            ||     2
       Potion            ||     2
 Stab: Distracted        ||     2
Dodge: Dodged            ||     5
